 Dungeon Crawl Stone Soup version 0.28-a0-1339-ga5422284a4 (webtiles) character file.

Game seed: 14135946702053575370

411 ReploidZero the Sneak (level 7, -12/27 (36) HPs)
             Began as a Kobold Enchanter on Dec 28, 2021.
             Mangled by Duvessa (14 damage)
             ... on level 4 of the Dungeon.
             The game lasted 00:08:29 (4546 turns).

ReploidZero the Sneak (Kobold Enchanter)            Turns: 4546, Time: 00:08:30

HP:   -12/27 (36)   AC:  3    Str:  5    XL:     7   Next: 14%
MP:   0/12          EV: 16    Int: 16    God:
Gold: 115           SH:  0    Dex: 18    Spells: 7/12 levels left

rFire   . . .      SeeInvis .   a - +1 dagger
rCold   . . .      Faith    .   (no shield)
rNeg    . . .      Spirit   .   b - +1 robe
rPois   .          Reflect  .   (no helmet)
rElec   .          Harm     .   l - scarf {shadows}
rCorr   +          Rampage  .   (no gloves)
Will    .....                   (no boots)
Stlth   +++++.....              (no amulet)
HPRegen 0.09/turn               o - ring of resist corrosion
MPRegen 0.13/turn               (no ring)

@: very slightly contaminated, very heavily drained
A: small, no large weapons, nightstalker 3
a: no special abilities


You were on level 4 of the Dungeon.
You visited 1 branch of the dungeon, and saw 4 of its levels.

You collected 115 gold pieces.

Inventory:

Hand Weapons
 a - a +1 dagger (weapon)
Armour
 b - a +1 robe (worn)
 l - a scarf of shadows (worn)
Jewellery
 f - an amulet of faith
 o - a ring of resist corrosion (left hand)
Wands
 i - a wand of mindburst (19)
Scrolls
 g - a scroll of noise
 m - a scroll of holy word
 n - a scroll of teleportation
 p - a scroll of blinking {unknown}
Potions
 c - a potion of invisibility
 d - a potion of degeneration {unknown}
 e - a potion of flight {unknown}
 h - 2 potions of curing {unknown}
 j - a potion of brilliance {unknown}
 k - a potion of ambrosia {unknown}


   Skills:
 + Level 3.7 Short Blades
 + Level 4.0 Dodging
 * Level 6.9 Stealth
 + Level 3.4 Spellcasting
 + Level 4.1 Hexes


You had 7 spell levels left.
You knew the following spells:

 Your Spells              Type           Power      Damage    Failure   Level
a - Ensorcelled Hibernat  Hex/Ice        18%        N/A       12%         2
b - Confusing Touch       Hex            16%        N/A       10%         3

Your spell library contained the following spells:

 Spells                   Type           Power      Damage    Failure   Level
 Tukima's Dance           Hex            16%        N/A       10%         3
 Magic Dart               Conj           8%         1d3       19%         1
 Dazzling Flash           Conj/Hex       18%        N/A       22%         3
 Call Imp                 Summ           2%         N/A       26%         2
 Mephitic Cloud           Conj/Pois/Air  2%         N/A       47%         3


Dungeon Overview and Level Annotations

Branches:
Dungeon (4/15)
 Temple: D:4-7

Altars:
Elyvilon
Nemelex Xobeh
Qazlal

Shops:
D:1 (   D:4 *

Annotations:
D:4 Dowan, Duvessa


Innate Abilities, Weirdness & Mutations

You are small and have problems with some larger weapons.
You are completely attuned to the shadows.


Message History

Duvessa resists with almost no effort.
Duvessa hits you with a +2 rapier of draining!
You feel drained.
Casting: Ensorcelled Hibernation (safe; 12% risk of failure)
Confirm with . or Enter, or press ? or * to list all spells.
Aiming: Ensorcelled Hibernation (safe; 12% risk of failure)
Press: ? - help, Shift-Dir - straight line, f/p - Duvessa
Aim: Duvessa, wielding a +2 rapier of draining and wearing a +0 chain mail (chance to affect: 26%) Duvessa resists with almost no effort.
Duvessa hits you with a +2 rapier of draining.
You feel drained.
Casting: Ensorcelled Hibernation (safe; 12% risk of failure)
Confirm with . or Enter, or press ? or * to list all spells.
Aiming: Ensorcelled Hibernation (safe; 12% risk of failure)
Press: ? - help, Shift-Dir - straight line, f/p - Duvessa
Aim: Duvessa, wielding a +2 rapier of draining and wearing a +0 chain mail (chance to affect: 26%) Duvessa resists with almost no effort.
Duvessa hits you with a +2 rapier of draining!
* * * LOW HITPOINT WARNING * * *
You feel drained.
* * * LOW HITPOINT WARNING * * *
Unknown command.
Casting: Ensorcelled Hibernation (safe; 12% risk of failure)
Confirm with . or Enter, or press ? or * to list all spells.
Aiming: Ensorcelled Hibernation (safe; 12% risk of failure)
Press: ? - help, Shift-Dir - straight line, f/p - Duvessa
Aim: Duvessa, wielding a +2 rapier of draining and wearing a +0 chain mail (chance to affect: 26%) Duvessa resists with almost no effort.
Duvessa misses you.
Unknown command.
Casting: Ensorcelled Hibernation (safe; 12% risk of failure)
Confirm with . or Enter, or press ? or * to list all spells.
Aiming: Ensorcelled Hibernation (safe; 12% risk of failure)
Press: ? - help, Shift-Dir - straight line, f/p - Duvessa
Aim: Duvessa, wielding a +2 rapier of draining and wearing a +0 chain mail (chance to affect: 26%)
You miscast Ensorcelled Hibernation.
You are very lightly contaminated with residual magic.
Nothing appears to happen.
Duvessa hits you with a +2 rapier of draining!
Ouch! That really hurt!
You die...

#.##.#.# #####.# #........#
#.##.#.####...#.####...####)#
#................##.....# #.#
#.÷#.#.##.........#.....# #.#
#<.#.#.##....###.###....# #.#
#..#.#.##....#8...8#....# #.#
.......####..###.###....# #.#
##...### #..#8...8###### #.#
###.# ######@### #.### #.#
#8.e.8# #...# ####.##
#####.### ###.e.# ......##
##.#8...8# ##.#...#
.##....####..###.###
###...#§####
..#.......'.........
............
∩......#..#.........
###...#.####
..##..##..##.......#
#.......#
.###..##..###.....##
#.####..#


You could see Duvessa.

Vanquished Creatures
  A kobold brigand (D:4)
  A scorpion (D:4)
  A howler monkey (D:4)
  A hound (D:4)
  3 iguanas (D:4)
  2 hound skeletons (D:4)
  3 gnolls (D:3)
  An adder (D:3)
  A howler monkey skeleton (D:4)
  An adder skeleton (D:4)
  3 worms
  A dart slug (D:2)
  3 orcs (D:4)
  A bat (D:1)
  6 endoplasms
  A giant cockroach (D:2)
  8 goblins
  4 hobgoblins
  6 kobolds
  A quokka (D:4)
  3 ball pythons
  4 rats
56 creatures vanquished.

Notes
Turn   | Place    | Note
-------+----------+-------------------------------------------
     0 | D:1      | ReploidZero the Kobold Enchanter began the quest for the
                  | Orb.
     0 | D:1      | Reached XP level 1. HP: 10/10 MP: 3/3
    21 | D:1      | Found Fexzoqe's Weapon Shop.
   638 | D:1      | Reached XP level 2. HP: 15/15 MP: 5/5
   641 | D:1      | Learned a level 2 spell: Ensorcelled Hibernation
   991 | D:2      | Found a faded altar of an unknown god.
  1110 | D:2      | Reached XP level 3. HP: 19/19 MP: 6/6
  1653 | D:3      | Reached skill level 5 in Stealth
  1653 | D:3      | Reached XP level 4. HP: 24/24 MP: 7/7
  2043 | D:3      | Found a stormy altar of Qazlal.
  2060 | D:3      | Found a white marble altar of Elyvilon.
  2430 | D:4      | Noticed a scorpion
  2433 | D:4      | Killed a scorpion
  2434 | D:4      | Reached XP level 5. HP: 28/28 MP: 9/9
  2657 | D:4      | Learned a level 3 spell: Confusing Touch
  2839 | D:4      | Reached skill level 6 in Stealth
  2839 | D:4      | Reached XP level 6. HP: 32/32 MP: 10/10
  2893 | D:4      | Found Kuynaeme's Gadget Gallery.
  3114 | D:4      | Noticed Duvessa
  3114 | D:4      | Noticed Dowan
  3549 | D:4      | Reached XP level 7. HP: 34/36 MP: 6/12
  3971 | D:4      | Found a sparkling altar of Nemelex Xobeh.
  4544 | D:4      | HP: 1/27 [Duvessa (5)]
  4546 | D:4      | Mangled by Duvessa

Illustrated notes

Levels and vault maps discovered:
D:1:      tarquinn_simple_flora_water_f, layout_rooms, serial_shops,
          nicolae_shop_temple_entry_statues_fountains, corexii_leaking_fountain,
          minivault_24
D:2:      layout_basic, shapermc_ecumenical_altar_starsandcircs,
          minmay_tiny_reverse_x
D:3:      layout_basic, grunt_qazlal_clouds, mainiacjoe_overflow_six_doors_small
D:4:      layout_loops_corners, nemelex_diamond_rough_becter,
          minmay_misc_feat_hallway, nicolae_shop_gadgets, uniq_duvessa

Skill      XL: |  1  2  3  4  5  6 |
---------------+-------------------+-----
Short Blades   | 2 3 |  3.7
Dodging        | 3 4 |  4.0
Stealth        | 5 6 |  6.9
Spellcasting   | 3 |  3.4
Hexes          | 4 |  4.1

Action                   |  1- 3 |  4- 6 |  7- 9 || total
-------------------------+-------+-------+-------++-------
Melee: Dagger            |    55 |    61 |    19 ||   135
Throw: Throwing net      |       |     1 |       ||     1
 Cast: Ensorcelled Hiber |     1 |     9 |     5 ||    15
  Use: Scroll            |     1 |     5 |     1 ||     7
 Stab: Sleeping          |    21 |    19 |     1 ||    41
       Distracted        |       |       |     1 ||     1
Armor: Robe              |     6 |     3 |     2 ||    11
Dodge: Dodged            |    13 |    36 |     7 ||    56

Table legend: (Time is in decaauts)
 A = Elapsed time spent in this place.
 B = Non-inter-level travel time spent in this place.
 C = Inter-level travel time spent in this place.
 D = Time resting spent in this place.
 E = Time spent auto-exploring this place.
 F = Levels seen in this place.
 G = Mean time per level.
                   A        B        C        D        E       F      G
               +--------+--------+--------+--------+--------+-----+--------+
         Total |   4531 |   4430 |    101 |      0 |   3887 |   4 | 1132.8 |
       Dungeon |   4531 |   4430 |    101 |      0 |   3887 |   4 | 1132.8 |
               +--------+--------+--------+--------+--------+-----+--------+

Top non-repeatable levels by time:
     D:4: 1714 daAuts
     D:3: 1439 daAuts
     D:1: 859 daAuts
     D:2: 517 daAuts
